 Dungeon Crawl Stone Soup version 0.25-a0-292-gaa31f046c4 (webtiles) character file.

Game seed: 12258562234865486484, levelgen mode: classic

61 Borgoz the Skirmisher (level 4, -4/29 HPs)
             Began as a Kobold Fighter on Dec 15, 2019.
             Slain by a gnoll
             ... wielding a +0 spear
              (8 damage)
             ... on level 2 of the Dungeon.
             The game lasted 00:01:34 (1059 turns).

Borgoz the Skirmisher (Kobold Fighter)              Turns: 1059, Time: 00:01:35

Health: -4/29      AC:  6    Str: 12 (14) XL:     4   Next: 27%
Magic:  1/1        EV: 17    Int:  8 (9)  God:
Gold:   9          SH:  0    Dex: 17 (19) Spells: 3/3 levels left

rFire    . . .     SeeInvis .   h - +3 dagger (antimagic)
rCold    . . .     Gourm    .   (shield restricted)
rNeg     . . .     Faith    .   b - +0 scale mail
rPois    .         Spirit   .   (no helmet)
rElec    .         Reflect  .   (no cloak)
rCorr    +         Harm     .   (no gloves)
MR       .....                  (no boots)
Stlth    +.........             (no amulet)
HPRegen  0.09/turn              e - ring of resist corrosion
MPRegen  0.07/turn              (no ring)

@: agile
A: small, carnivore
a: no special abilities


You were on level 2 of the Dungeon.
You were completely stuffed.

You visited 1 branch of the dungeon, and saw 2 of its levels.

You collected 9 gold pieces.

Inventory:

Hand Weapons
 a - a +0 rapier
 h - a +3 antimagic dagger (weapon)
Armour
 b - a +0 scale mail (worn)
Jewellery
 e - a ring of resist corrosion (left hand)
Scrolls
 c - a scroll of identify {unknown}
 g - 2 scrolls of teleportation {unknown}
Potions
 i - a potion of might
 k - a potion of berserk rage {unknown}
Comestibles
 d - 2 chunks of flesh
 f - 2 rations


   Skills:
 + Level 3.9 Fighting
 + Level 3.5 Short Blades
 + Level 2.8 Armour
 + Level 2.0 Dodging
   Level 2.4 Shields


You had 3 spell levels left.
You didn't know any spells.
Your spell library was empty.

Dungeon Overview and Level Annotations

Branches:
Dungeon (2/15)

Altars:


Innate Abilities, Weirdness & Mutations

You are small and have problems with some larger weapons.
You are carnivorous and can eat meat at any time.


Message History

You are too injured to fight recklessly!
You are too injured to fight recklessly!
You hit the gnoll.
The gnoll is severely wounded.
The gnoll hits you with a +0 spear.
* * * LOW HITPOINT WARNING * * *
You hit the gnoll.
The gnoll is almost dead.
The gnoll hits you with a +0 spear.
* * * LOW HITPOINT WARNING * * *
Okay, then.
It was a potion of agility.
You feel agile all of a sudden. The gnoll hits you but does no damage.
You hit the gnoll.
The gnoll is almost dead.
You barely miss the gnoll.
The gnoll is almost dead.
The gnoll hits you with a +0 spear!
You die...

#.##.#g.g ##....g. .
...g..#..8 . .........#
##### .# ..<.g..?.. ....
... .......... #..# ...#
######+##. #..# .....
#... #.##.###..###....#.
#...##.##.......@g......
.......######).###....##
.......######..###!....#
.......................#
................##.###.#
.......###.......... #
....<....รท......##.#
######.###.###.......
#.# #.# ..... .


You could see a gnoll.

Vanquished Creatures
  3 gnolls (D:1)
  A worm (D:2)
  2 dart slugs (D:1)
  A leopard gecko (D:1)
  2 bats
  A giant cockroach (D:1)
  3 hobgoblins (D:1)
  6 goblins
  4 kobolds (D:1)
  A rat (D:1)
24 creatures vanquished.

Notes
Turn   | Place    | Note
-------+----------+-------------------------------------------
     0 | D:1      | Borgoz the Kobold Fighter began the quest for the Orb.
     0 | D:1      | Reached XP level 1. HP: 14/14 MP: 1/1
    97 | D:1      | Reached XP level 2. HP: 9/19 MP: 2/2
   107 | D:1      | Reached skill level 1 in Dodging
   112 | D:1      | Reached XP level 3. HP: 6/23 MP: 3/3
   791 | D:1      | Reached XP level 4. HP: 8/29 MP: 1/4
  1059 | D:2      | Slain by a gnoll

Levels and vault maps discovered:
D:1:      minmay_arrival_loop, layout_rooms
D:2:      kennysheep_the_goblin_king, layout_basic

Skill      XL: |  1  2  3  4 |
---------------+-------------+-----
Short Blades   | 3 |  3.5
Dodging        | 1 2 |  2.0
Fighting       | |  3.9
Armour         | |  2.8
Shields        | |  2.4

Action                   |  1- 3 |  4- 6 || total
-------------------------+-------+-------++-------
Melee: Rapier            |    50 |       ||    50
       Dagger            |    22 |    20 ||    42
  Use: Potion            |     3 |     1 ||     4
  Eat: Chunk             |     8 |     1 ||     9
Armor: Scale mail        |    21 |     7 ||    28
Dodge: Dodged            |    41 |     5 ||    46

Table legend:
 A = Non-vault XP
 B = Vault XP
 C = Vault XP percentage of total XP
 D = Non-vault monster count
 E = Vault monster count
 F = Vault count percentage of total count
                 A         B        C        D         E       F
            +---------+---------+-------+---------+---------+-------
      Total |      86 |       2 |   2.3 |      23 |       1 |   4.2
            +---------+---------+-------+---------+---------+-------
        D:1 |      79 |       0 |   0.0 |      21 |       0 |   0.0
        D:2 |       7 |       2 |  22.2 |       2 |       1 |  33.3
            +---------+---------+-------+---------+---------+-------
